 Dungeon Crawl Stone Soup version 0.28.0-45-g0d030f2227 (webtiles) character file.

Game seed: 497031533767135169

9 pkoi the Conjurer (level 1, 0/14 HPs)
             Began as a Demigod Conjurer on Apr 11, 2022.
             Slain by a rat (2 damage)
             ... on level 2 of the Dungeon.
             The game lasted 00:00:38 (280 turns).

pkoi the Conjurer (Demigod Conjurer)                 Turns: 280, Time: 00:00:38

Health: 0/14       AC:  2    Str:  8    XL:     1   Next: 93%
Magic:  3/5        EV: 12    Int: 20    God:
Gold:   0          SH:  0    Dex: 12    Spells: 3/4 levels left

rFire   . . .      SeeInvis .   (no weapon)
rCold   . . .      Faith    .   (no shield)
rNeg    . . .      Spirit   .   a - +0 robe
rPois   .          Reflect  .   (no helmet)
rElec   .          Harm     .   (no cloak)
rCorr   .          Rampage  .   (no gloves)
Will    .....                   (no boots)
Stlth   ++........              (no amulet)
HPRegen 0.04/turn               (no ring)
MPRegen 0.09/turn               (no ring)

@: no status effects
A: high MP 1, forlorn, divine attributes
a: no special abilities


You were on level 2 of the Dungeon.
You visited 1 branch of the dungeon, and saw 2 of its levels.

Inventory:

Armour
 a - a +0 robe (worn)


   Skills:
 - Level 1.7 Dodging
 - Level 1.7 Stealth
 + Level 2.0 Spellcasting
 * Level 3.9 Conjurations


You had 3 spell levels left.
You knew the following spells:

 Your Spells              Type           Power      Damage    Failure   Level
a - Magic Dart            Conj           68%        1d6       3%          1

Your spell library contained the following spells:

 Spells                   Type           Power      Damage    Failure   Level
 Searing Ray              Conj           34%        2d5       4%          2
 Dazzling Flash           Conj/Hex       18%        N/A       22%         3
 Fulminant Prism          Conj/Hex       4%         3d6       56%         4
 Iskenderun's Mystic Bla  Conj/Tloc      9%         2d4       56%         4


Dungeon Overview and Level Annotations

Branches:
Dungeon (1/15)

Annotations:
D:2 Terence


Innate Abilities, Weirdness & Mutations

You have an increased reservoir of magic. (+10% MP)
You shall have no god before yourself.
Your divine heritage dramatically boosts your attributes as you level up.


Message History

You are frozen.
* * * LOW HITPOINT WARNING * * *
The rat barely misses you.
Unknown command.
Aiming: Magic Dart (safe; 3% risk of failure)
Press: ? - help, Q - select action Shift-Dir - straight line, f/p - endoplasm
Aim: an endoplasm (lightly wounded, 100% to hit)
The magic dart hits the endoplasm.
You kill the endoplasm!
The quokka completely misses you. The rat bites you.
* * * LOW HITPOINT WARNING * * *
Aiming: Magic Dart (safe; 3% risk of failure)
Press: ? - help, Q - select action Shift-Dir - straight line, f - rat
Aim: a rat (100% to hit)
The magic dart hits the rat.
You kill the rat!
The kobold hits you but does no damage.
The quokka twitches its whiskers.
The quokka closely misses you. The quokka closely misses you.
The kobold hits you but does no damage. The quokka closely misses you.
Terence says, "You're history."
Terence hits you with a +0 short sword.
* * * LOW HITPOINT WARNING * * *
You see here a rat corpse.
The kobold hits you but does no damage.
Terence zaps a wand.
Some rock shatters into small pieces.
The quokka bites you.
* * * LOW HITPOINT WARNING * * *
The kobold hits you but does no damage. The quokka bites you.
* * * LOW HITPOINT WARNING * * *
The quokka twitches its whiskers.
A kobold opens the door.
A rat comes into view.
Terence zaps a wand.
Some rock shatters into small pieces.
The quokka bites you.
* * * LOW HITPOINT WARNING * * *
The rat bites you.
You die...

.# .. .# .. .#
...
########.###...
#..............
#..........#
#......@...#
#.....rr...#
#..........#
#......K...#
#..........#
####.###...# ##
#@..# #..'...#
#.#....#


You could see Terence, a quokka, a kobold and a rat.

Vanquished Creatures
  A dart slug (D:1)
  An endoplasm (D:2)
  2 hobgoblins (D:1)
  A bat (D:1)
  A kobold (D:2)
  2 rats
8 creatures vanquished.

Notes
Turn   | Place    | Note
-------+----------+-------------------------------------------
     0 | D:1      | pkoi the Demigod Conjurer began the quest for the Orb.
     0 | D:1      | Reached XP level 1. HP: 14/14 MP: 5/5
   253 | D:1      | You fall into a shaft and drop 1 floor!
   253 | D:2      | Noticed Terence
   280 | D:2      | Slain by a rat

Illustrated notes

Levels and vault maps discovered:
D:1:      psy_arrival_basics, layout_loops_ring, ebering_ecumenical_altar_hall,
          patterned_corridor
D:2:      kennysheep_the_goblin_king, layout_basic, basic_altar,
          kennysheep_nondescript, uniq_terence

Skill      XL: |  1 |
---------------+----+-----
Spellcasting   | 2 |  2.0
Dodging        | |  1.7
Stealth        | |  1.7
Conjurations   | |  3.9

Action                   || total
-------------------------++-------
 Cast: Magic Dart        ||    14
  Use: Scroll            ||     2
Armor: Robe              ||     6
Dodge: Dodged            ||    10
